 Dungeon Crawl Stone Soup version 0.30-a0-475-g03497ec522 (webtiles) character file.

Game seed: 143526415431060902

695 kae the Conjurer (level 7, -7/36 HPs)
             Began as a Tengu Fire Elementalist on Dec 20, 2022.
             Mangled by an iguana (12 damage)
             ... on level 4 of the Dungeon.
             The game lasted 00:03:19 (3977 turns).

kae the Conjurer (Tengu Fire Elementalist)          Turns: 3977, Time: 00:03:19

Health: -7/36      AC:  6    Str:  9    XL:     7   Next: 64%
Magic:  1/13       EV: 14    Int: 17    God:
Gold:   219        SH:  0    Dex: 14    Spells: 3/13 levels left

rFire   . . .      SeeInvis .    k - +0 long sword (protect)
rCold   . . .      Faith    .    (no shield)
rNeg    . . .      Spirit   .    a - +0 robe
rPois   .          Reflect  .    (helmet restricted)
rElec   .          Harm     .    (no cloak)
rCorr   .          Rampage  .    (no gloves)
Will    .....                    (boots unavailable)
Stlth   ++........               (no amulet)
HPRegen 0.26/turn                O - +4 ring of protection
MPRegen 0.13/turn                (no ring)

@: flying quickly and evasively, quick
A: beak, talons 3, nimble flight
a: no special abilities


You were on level 4 of the Dungeon.
You visited 2 branches of the dungeon, and saw 6 of its levels.

You collected 219 gold pieces.


Innate Abilities, Weirdness & Mutations

You have a beak for a mouth.
You have claws for feet.
Your magical nature lets you fly swiftly and evasively.


   Skills:
 - Level 2.1 Dodging
 - Level 2.0 Stealth
 + Level 3.7 Spellcasting
 * Level 6.5 Conjurations
 - Level 1.0 Hexes
 * Level 6.4 Fire Magic


You had 3 spell levels left.
You knew the following spells:

 Your Spells              Type           Power      Damage    Failure   Level
a - Foxfire               Conj/Fire      100%       2x1d9     1%          1
b - Scorch                Fire           50%        2d8       1%          2
c - Inner Flame           Hex/Fire       15%        N/A       11%         3
d - Flame Wave            Conj/Fire      25%        2d8       11%         4

Your spell library contained the following spells:

 Spells                   Type           Power      Damage    Failure   Level
 Kiss of Death            Conj/Necr      56%        2d9       4%          1
 Hailstorm                Conj/Ice       14%        3d5       13%         3
 Apportation              Tloc           6%         N/A       16%         1
 Freeze                   Ice            12%        1d3       16%         1
 Necrotise                Necr           12%        1d4       16%         1
 Summon Small Mammal      Summ           12%        N/A       16%         1
 Kindle Blastsparks       Fire/Tloc/Air  20%        2d11      21%         3
 Confusing Touch          Hex            6%         N/A       32%         3
 Summon Guardian Golem    Hex/Summ       4%         N/A       36%         3
 Call Canine Familiar     Summ           3%         N/A       43%         3
 Frozen Ramparts          Ice            6%         1d1       43%         3
 Dispel Undead            Necr           3%         3d7       85%         4

Inventory:

Hand Weapons
 k - a +0 long sword of protection (weapon)
   (You found it on level 1 of the Dungeon)
Missiles
 c - 48 stones
 f - 8 poisoned darts
 j - 4 javelins
 r - 4 boomerangs
Armour
 a - a +0 robe (worn)
Magical Staves
 i - a staff of death {!a}
   (You found it on level 1 of the Dungeon)
Jewellery
 O - a +4 ring of protection (left hand)
   (You found it on level 3 of the Dungeon)
Scrolls
 d - a scroll of brand weapon
 g - a scroll of fog
 m - a scroll of torment {!r}
 q - 2 scrolls of noise {!r}
 s - a scroll of amnesia
Potions
 b - a potion of magic
 e - a potion of curing {@q1}
 l - 4 potions of brilliance
 n - a potion of attraction {!q}

Dungeon Overview and Level Annotations

Branches:
Dungeon (5/15) Zot: 25289  Temple (1/1) D:4 Zot: 5846

Altars:
Ashenzari
Cheibriados
Dithmenos
Elyvilon
Fedhas
Hepliaklqana
Kikubaaqudgha
Nemelex Xobeh
Qazlal
Trog
Xom
Zin
The Shining One

Shops:
D:3

[ #.#..# #.....
#..... #.#...
#####.#..#
##.....†###
#..#####...
########.## #...
#@S.......# #...
#l#######.# #...
#.# #.#####... #.#
#.......##
###########.#
##.######
#...........######
#.#
##.##########....#
#)# #.#####.#
#....# #.#
#.......# #....#
#)#


You could see an iguana (combustible) and an adder.


Message History

Confirm with . or Enter, or press ? or * to list all spells.
Flames lash the jelly.
The jelly is burned terribly!
You kill the jelly!
The ogre shouts!
An adder comes into view.
The adder moves out of view. 😎 MP[-2]
You lost 2 mp, and now have 7/13 mp.
Casting: Scorch (safe; 1% risk of failure)
Confirm with . or Enter, or press ? or * to list all spells.
You can't see any susceptible monsters within range! (Use Z to cast anyway.)
Casting: Scorch (safe; 1% risk of failure)
Confirm with . or Enter, or press ? or * to list all spells.
You can't see any susceptible monsters within range! (Use Z to cast anyway.)
Casting: Scorch (safe; 1% risk of failure)
Confirm with . or Enter, or press ? or * to list all spells.
You conjure some foxfire!
The foxfire hits the ogre but does no damage.
The foxfire hits the ogre.
Casting: Foxfire (safe; 1% risk of failure)
Confirm with . or Enter, or press ? or * to list all spells.
You conjure some foxfire!
The foxfire hits the ogre. x2 😎 MP[-1]
You lost 1 mp, and now have 6/13 mp.
Casting: Foxfire (safe; 1% risk of failure)
Confirm with . or Enter, or press ? or * to list all spells.
You conjure some foxfire!
The foxfire hits the ogre. x2; The ogre barely misses you. 😎 MP[-1]
You lost 1 mp, and now have 5/13 mp.
Casting: Foxfire (safe; 1% risk of failure)
Confirm with . or Enter, or press ? or * to list all spells.
Flames lash the ogre.
The ogre's fire resistance burns away.
The iguana bites you.
The ogre hits you with a +0 giant club!!
Ouch! That really hurt!
* * * LOW HITPOINT WARNING * * *
The iguana misses you. 😱 HP[-29] MP[-2]
You take 29 damage, and now have 7/36 hp.
MASSIVE DAMAGE!! (PAUSE)
You lost 2 mp, and now have 3/13 mp.
Unknown command.
Okay, then.
You feel better. The adder completely misses you. The ogre misses you.
The iguana closely misses you. 😮 HP[+12] MP[+1]
You regained 12 hp, and now have 19/36 hp.
The adder closely misses you. The iguana bites you.
* * * LOW HITPOINT WARNING * * *
The adder closely misses you.
You fly upwards.
There is a stone staircase leading down here. 😨 HP[-2]
You take 2 damage, and now have 17/36 hp.
Unknown command.
You hit the ogre but do no damage.
Your weapon exudes an aura of protection.
You claw the ogre.
The ogre is no longer more vulnerable to fire.
The ogre closely misses you. The iguana closely misses you. 😨 HP[+1]
You closely miss the ogre. The ogre hits you with a +0 giant club!
* * * LOW HITPOINT WARNING * * *
The iguana misses you.
The iguana bites you but does no damage. 😱 HP[-12]
You take 12 damage, and now have 6/36 hp.
MASSIVE DAMAGE!! (PAUSE)
You barely miss the ogre. You claw the ogre.
You kill the ogre!
The iguana barely misses you. The adder bites you.
* * * LOW HITPOINT WARNING * * *
😱 HP[-2]
You take 2 damage, and now have 4/36 hp.
You feel better. The adder misses you. The iguana misses you. 😨 HP[+9] MP[+1]
You regained 9 hp, and now have 13/36 hp.
You feel better. The adder misses you. The iguana bites you.
* * * LOW HITPOINT WARNING * * *
The adder barely misses you. 😨 HP[+1]
Casting: Scorch (safe; 1% risk of failure)
Confirm with . or Enter, or press ? or * to list all spells.
Flames lash the iguana.
The iguana's fire resistance burns away.
The iguana barely misses you. The adder bites you but does no damage.
The iguana completely misses you. The adder closely misses you. 😨 MP[-2]
You lost 2 mp, and now have 3/13 mp.
Casting: Scorch (safe; 1% risk of failure)
Confirm with . or Enter, or press ? or * to list all spells.
Flames lash the iguana.
The iguana is burned terribly!
The adder closely misses you. The iguana bites you!
* * * LOW HITPOINT WARNING * * *
The adder bites you.
* * * LOW HITPOINT WARNING * * *
The iguana bites you!
You die...

Skill      XL: |  1  2  3  4  5  6  7 |
---------------+----------------------+-----
Conjurations   | 2 3 4 5 6 |  6.5
Fire Magic     | 4 5 6 |  6.4
Spellcasting   | 3 |  3.7
Hexes          | 1 |  1.0
Dodging        | |  2.1
Stealth        | |  2.0

Action                   |  1- 3 |  4- 6 |  7- 9 || total
-------------------------+-------+-------+-------++-------
Melee: Long sword        |     1 |     6 |     8 ||    15
       Kick              |       |     2 |     3 ||     5
       Peck              |       |     1 |       ||     1
 Cast: Foxfire           |    73 |    36 |     3 ||   112
       Scorch            |     9 |    19 |     5 ||    33
       Flame Wave        |       |       |     1 ||     1
  Use: Scroll            |     4 |     9 |       ||    13
       Potion            |       |     2 |     3 ||     5
Armor: Robe              |     1 |    16 |    12 ||    29
Dodge: Dodged            |     6 |    33 |    33 ||    72

Levels and vault maps discovered:
D:1:      scummos_arrival_hexagon, layout_rooms, serial_bayou,
          serial_bayou_pond_e, serial_bayou_pond_d, serial_bayou_lagoon_a,
          serial_bayou_crossing
D:2:      layout_loops_cross
D:3:      layout_rooms, serial_shops, nicolae_shop_crystal, serial_bayou_lake_a
D:4:      layout_basic, nicolae_ashenzari_panopticon, temple_doors_e,
          uniq_menkaure
D:5:      layout_basic, minmay_chambers_of_fives
Temple:   hellmonk_temple_forest_ring

Notes
Turn   | Place    | Note
-------+----------+-------------------------------------------
     0 | D:1      | kae the Tengu Fire Elementalist began the quest for the
                  | Orb.
     0 | D:1      | Reached XP level 1. HP: 10/10 MP: 4/4
     0 | D:1      | magus.rc [v1.11.3]
   205 | D:1      | Reached skill level 2 in Conjurations
   205 | D:1      | Reached XP level 2. HP: 15/15 MP: 0/6
   322 | D:1      | Learned a level 2 spell: Scorch
   625 | D:1      | You pick up a book of Cantrips and begin reading...
   625 | D:1      | You add the spells Necrotise, Summon Small Mammal and
                  | Apportation to your library.
   914 | D:2      | Reached XP level 3. HP: 19/19 MP: 3/7
   922 | D:2      | Learned a level 3 spell: Inner Flame
   980 | D:2      | You pick up a book of Touch and begin reading...
   980 | D:2      | You add the spells Kiss of Death, Confusing Touch and
                  | Dispel Undead to your library.
  1011 | D:2      | Reached skill level 4 in Fire Magic
  1215 | D:2      | Reached skill level 3 in Conjurations
  1342 | D:2      | You pick up a book of Callings and begin reading...
  1342 | D:2      | You add the spells Call Canine Familiar and Summon Guardian
                  | Golem to your library.
  1767 | D:3      | Found Ciloh's Armour Shoppe.
  1780 | D:3      | Reached XP level 4. HP: 24/24 MP: 2/8
  2024 | D:3      | You fall into a shaft and drop 2 floors!
  2024 | D:5      | Entered Level 5 of the Dungeon
  2035 | D:5      | Noticed an ice beast
  2122 | D:4      | Found a broken altar of Ashenzari.
  2565 | D:3      | Gained mutation: Your magical nature lets you fly swiftly
                  | and evasively. [Tengu growth]
  2565 | D:3      | Reached XP level 5. HP: 28/28 MP: 7/9
  2696 | D:4      | Reached skill level 4 in Conjurations
  2760 | D:4      | Found a staircase to the Ecumenical Temple.
  2774 | Temple   | Entered the Ecumenical Temple
  3049 | D:4      | Noticed Menkaure
  3058 | D:4      | Killed Menkaure
  3059 | D:4      | Reached skill level 3 in Spellcasting
  3059 | D:4      | Reached skill level 1 in Hexes
  3059 | D:4      | Reached skill level 5 in Fire Magic
  3059 | D:4      | Reached XP level 6. HP: 18/32 MP: 4/11
  3429 | D:4      | Reached skill level 5 in Conjurations
  3594 | D:4      | You pick up a book of Frost and begin reading...
  3594 | D:4      | You add the spells Freeze, Frozen Ramparts and Hailstorm to
                  | your library.
  3800 | D:4      | Reached XP level 7. HP: 13/36 MP: 5/13
  3891 | D:4      | Learned a level 4 spell: Flame Wave
  3900 | D:4      | Reached skill level 6 in Conjurations
  3900 | D:4      | Reached skill level 6 in Fire Magic
  3965 | D:5      | HP: 7/36 [ogre/+0 giant club (28)]
  3970 | D:4      | HP: 6/36 [ogre/+0 giant club (12)]
  3976 | D:4      | HP: 6/36 [iguana (9)]
  3977 | D:4      | Mangled by an iguana

Vanquished Creatures
  Menkaure (D:4)
  An ogre (D:4)
  A phantom (D:4)
  A necrophage (D:4)
  A scorpion (D:4)
  A howler monkey (D:4)
  A hound (D:4)
  2 jellies (D:5)
  2 iguanas (D:4)
  6 adders
  2 dart slugs
  8 ball pythons
  6 endoplasms
  3 giant cockroaches (D:2)
  6 hobgoblins
  2 jackals (D:5)
  A quokka (D:3)
  3 bats
  4 frilled lizards
  8 goblins
  5 kobolds
  9 rats
74 creatures vanquished.

Vanquished Creatures (collateral kills)
  6 foxfires
6 creatures vanquished.

Vanquished Creatures (others)
  178 foxfires
  5 plants
183 creatures vanquished.

Grand Total: 263 creatures vanquished

Table legend:
 A = Non-vault XP
 B = Vault XP
 C = Vault XP percentage of total XP
 D = Non-vault monster count
 E = Vault monster count
 F = Vault count percentage of total count
                 A         B        C        D         E       F
            +---------+---------+-------+---------+---------+-------
      Total |     599 |     394 |  39.7 |      68 |       6 |   8.1
            +---------+---------+-------+---------+---------+-------
        D:1 |      27 |       0 |   0.0 |      16 |       0 |   0.0
        D:2 |      46 |       0 |   0.0 |      21 |       0 |   0.0
        D:3 |      41 |       0 |   0.0 |      12 |       0 |   0.0
        D:4 |     481 |     312 |  39.3 |      17 |       4 |  19.0
        D:5 |       4 |      82 |  95.3 |       2 |       2 |  50.0
            +---------+---------+-------+---------+---------+-------

Illustrated notes

Table legend:
 A = Kills in this place as a percentage of kills in entire the game.
 B = Kills by you in this place as a percentage of kills by you in the entire game.
 C = Kills by friends in this place as a percentage of kills by friends in the entire game.
 D = Other kills in this place as a percentage of other kills in the entire game.
 E = Experience gained in this place as a percentage of experience gained in the entire game.
 F = Experience gained in this place divided by the number of levels of this place that you have seen.
                   A       B       C       D       E      F
               +-------+-------+-------+-------+-------+----------------------
         Total | 100.0 | 100.0 |   N/A |   N/A | 100.0 | 165.5
       Dungeon | 100.0 | 100.0 |   N/A |   N/A | 100.0 | 198.6
               +-------+-------+-------+-------+-------+----------------------

Table legend: (Time is in decaauts)
 A = Elapsed time spent in this place.
 B = Non-inter-level travel time spent in this place.
 C = Inter-level travel time spent in this place.
 D = Time resting spent in this place.
 E = Time spent auto-exploring this place.
 F = Levels seen in this place.
 G = Mean time per level.
                   A        B        C        D        E       F      G
               +--------+--------+--------+--------+--------+-----+--------+
         Total |   3923 |   3788 |    135 |    133 |   3117 |   6 |  653.8 |
       Dungeon |   3769 |   3644 |    125 |    133 |   2982 |   5 |  753.8 |
        Temple |    153 |    143 |     10 |      0 |    134 |   1 |  153.0 |
               +--------+--------+--------+--------+--------+-----+--------+

Top non-repeatable levels by time:
     D:4: 1213 daAuts
     D:2: 897 daAuts
     D:1: 817 daAuts
     D:3: 770 daAuts
  Temple: 153 daAuts
     D:5: 72 daAuts
